 Dungeon Crawl Stone Soup version 0.23.1 (webtiles) character file.

Game seed: 9069290882616905604

1033 esteth the Cleaver (level 8, 0/96 HPs)
             Began as a Minotaur Berserker on Mar 9, 2019.
             Was a Priest of Trog.
             Slain by an orc
             ... wielding a +0 trident
              (3 damage)
             ... on level 5 of the Dungeon.
             The game lasted 00:05:55 (3752 turns).

esteth the Cleaver (Minotaur Berserker)             Turns: 3752, Time: 00:05:56

Health: 0/96       AC:  9    Str: 26    XL:     8   Next: 3%
Magic:  7/7        EV:  9    Int:  7    God:    Trog [***...]
Gold:   190        SH:  0    Dex: 13    Spells: 7/7 levels left

rFire    . . .     SeeInvis .   a - +0 hand axe
rCold    . . .     Gourm    .   (no shield)
rNeg     . . .     Faith    .   s - +0 chain mail (curse)
rPois    .         Spirit   .   (helmet restricted)
rElec    .         Reflect  .   (no cloak)
rCorr    .         Harm     .   (no gloves)
MR       ++...                  m - +0 pair of boots
Stlth    ..........             n - amulet of regeneration
HPRegen  1.66/turn              d - +3 ring of intelligence
MPRegen  0.10/turn              (no ring)

@: berserking, regenerating, very quick
A: retaliatory headbutt, horns 2
a: Berserk, Trog's Hand, Renounce Religion


You were on level 5 of the Dungeon.
You worshipped Trog.
Trog was most pleased with you.
You were hungry.

You visited 1 branch of the dungeon, and saw 5 of its levels.

You collected 190 gold pieces.

Inventory:

Hand Weapons
 a - a +0 hand axe (weapon)
 w - a +2 whip of electrocution
Armour
 b - a +0 animal skin
 i - a +0 ring mail
 m - a +0 pair of boots (worn)
 s - a cursed +0 chain mail (worn)
Jewellery
 d - a +3 ring of intelligence (left hand)
 n - an amulet of regeneration (around neck)
 A - an uncursed amulet of magic regeneration {unknown}
Wands
 q - a wand of iceblast (7)
Scrolls
 e - 3 scrolls of blinking
 g - 2 scrolls of remove curse
 k - a scroll of noise {unknown}
 o - a scroll of fog {unknown}
 p - 3 scrolls of teleportation {unknown}
 r - a scroll of enchant armour {unknown}
 t - a scroll of random uselessness {unknown}
 y - a scroll of identify
Potions
 f - a potion of haste {unknown}
 h - 2 potions of berserk rage {unknown}
 j - 2 potions of brilliance {unknown}
 l - a potion of ambrosia {unknown}
 v - a potion of degeneration {unknown}
 x - a potion of cancellation {unknown}
 z - a potion of curing {unknown}
Comestibles
 c - 6 rations
 u - 13 chunks of flesh


   Skills:
 - Level 3.6 Fighting
 + Level 11.5 Axes
 - Level 2.4 Armour
 - Level 2.1 Dodging


You had 7 spell levels left.
You didn't know any spells.
Your spell library was empty.

Dungeon Overview and Level Annotations

Branches:
Dungeon (5/15)
 Temple: D:4-7

Altars:
Elyvilon
Hepliaklqana
Okawaru
Qazlal
Ru


Innate Abilities, Weirdness & Mutations

You reflexively headbutt those who attack you in melee.
You have a pair of horns on your head.


Message History

You hit the orc warrior.
The orc warrior is almost dead.
You hit the orc wizard.
The orc warrior hits you with a +0 mace!
* * * LOW HITPOINT WARNING * * *
Your skin crawls.
You feel resistant to hostile enchantments.
You feel somewhat more hungry. The orc hits you but does no damage.
The orc wizard casts a spell.
The orc wizard seems to speed up.
The orc warrior hits you with a +0 mace.
* * * LOW HITPOINT WARNING * * *
A red film seems to cover your vision as you go berserk!
You feel yourself moving faster!
You feel mighty!
You are feeling hungry.
The orc wizard gestures at you while chanting.
The puff of frost hits you!
* * * LOW HITPOINT WARNING * * *
The orc hits you from afar with a +0 trident.
You die...

####......# #.........#
.#.# #.........## ....
#..........# (..8# ####
#.........# $..8# ...#
#........## ... ...#
#........####o##### ...#
#..........ooo..... ...#
#....).....@#..##
...######........#..#####
.......................^.
###...###################
#........# #........#
#........# #........#
#........#


You could see an orc warrior, an orc wizard and 2 orcs.

Vanquished Creatures
  Pikel (D:5)
  A slave (D:5)
  A phantom (D:5)
  An ogre (D:5)
  A scorpion (D:5)
  A howler monkey (D:5)
  An orc priest (D:5)
  An orc wizard (D:5)
  Terence (D:3)
  Ijyb (D:3)
  2 worker ants
  A hound skeleton (D:4)
  A hound zombie (D:5)
  A worker ant zombie (D:5)
  6 adders
  2 worms
  A dart slug (D:2)
  5 leopard geckos
  5 orcs (D:5)
  8 bats
  4 giant cockroaches
  15 goblins
  2 hobgoblins (D:1)
  2 jackals (D:1)
  4 kobolds (D:1)
  A quokka (D:5)
  4 frilled lizards
  3 rats
77 creatures vanquished.

Notes
Turn   | Place    | Note
-------+----------+-------------------------------------------
     0 | D:1      | esteth the Minotaur Berserker began the quest for the Orb.
     0 | D:1      | Reached XP level 1. HP: 19/19 MP: 0/0
     8 | D:1      | Reached skill level 4 in Axes
    37 | D:1      | Reached XP level 2. HP: 26/26 MP: 1/1
   518 | D:1      | Reached skill level 5 in Axes
   600 | D:1      | Reached ** piety under Trog
   686 | D:1      | Reached XP level 3. HP: 30/31 MP: 2/2
   850 | D:2      | Found a white marble altar of Elyvilon.
   855 | D:2      | Found an iron altar of Okawaru.
  1004 | D:2      | Found a hazy altar of Hepliaklqana.
  1340 | D:2      | Reached XP level 4. HP: 34/39 MP: 3/3
  1664 | D:3      | Reached skill level 6 in Axes
  2355 | D:3      | Noticed Ijyb
  2367 | D:3      | Killed Ijyb
  2367 | D:3      | Reached skill level 7 in Axes
  2367 | D:3      | Reached XP level 5. HP: 45/45 MP: 4/4
  2384 | D:3      | Noticed Terence
  2396 | D:3      | Killed Terence
  2829 | D:4      | Found a stormy altar of Qazlal.
  3154 | D:4      | Found a sacrificial altar of Ru.
  3453 | D:5      | Entered Level 5 of the Dungeon
  3494 | D:5      | Reached skill level 8 in Axes
  3527 | D:5      | Noticed a slave
  3527 | D:5      | Noticed a slave
  3527 | D:5      | Noticed a slave
  3527 | D:5      | Noticed a slave
  3527 | D:5      | Noticed Pikel
  3539 | D:5      | Killed a slave
  3541 | D:5      | Killed Pikel
  3541 | D:5      | Reached skill level 10 in Axes
  3541 | D:5      | Reached XP level 6. HP: 51/51 MP: 5/5
  3541 | D:5      | Reached XP level 7. HP: 57/57 MP: 6/6
  3621 | D:5      | Reached skill level 11 in Axes
  3627 | D:5      | Reached *** piety under Trog
  3694 | D:5      | Reached XP level 8. HP: 64/64 MP: 7/7
  3752 | D:5      | HP: 3/96 [orc wizard/puff of frost (8)]
  3752 | D:5      | Slain by an orc

Skill      XL: |  1  2  3  4  5  6  7 |
---------------+----------------------+-----
Axes           | 4 5 7 10 11 | 11.5
Fighting       | |  3.6
Armour         | |  2.4
Dodging        | |  2.1

Action                   |  1- 3 |  4- 6 |  7- 9 || total
-------------------------+-------+-------+-------++-------
Melee: Hand axe          |    70 |    84 |    64 ||   218
       Headbutt          |     8 |    18 |    13 ||    39
Invok: Berserk           |       |     2 |     1 ||     3
       Trog's Hand       |       |     1 |     1 ||     2
  Use: Scroll            |     3 |     1 |       ||     4
  Eat: Chunk             |     1 |     6 |     1 ||     8
       Ration            |       |     1 |       ||     1
Armor: Animal skin       |    16 |       |       ||    16
       Ring mail         |       |    18 |       ||    18
       Chain mail        |       |    15 |    15 ||    30
Dodge: Dodged            |    53 |    36 |    14 ||   103
